%YAML 1.1
%TAG !u! tag:unity3d.com,2011:
--- !u!1001 &5362484542350416053
PrefabInstance:
  m_ObjectHideFlags: 0
  serializedVersion: 2
  m_Modification:
    m_TransformParent: {fileID: 0}
    m_Modifications:
    - target: {fileID: 149790, guid: 7737647c22c1fc64a88d5cd030c352ce, type: 3}
      propertyPath: m_Name
      value: ThirdPersonController
      objectReference: {fileID: 0}
    - target: {fileID: 408730, guid: 7737647c22c1fc64a88d5cd030c352ce, type: 3}
      propertyPath: m_LocalPosition.x
      value: 2.746145
      objectReference: {fileID: 0}
    - target: {fileID: 408730, guid: 7737647c22c1fc64a88d5cd030c352ce, type: 3}
      propertyPath: m_LocalPosition.y
      value: 0
      objectReference: {fileID: 0}
    - target: {fileID: 408730, guid: 7737647c22c1fc64a88d5cd030c352ce, type: 3}
      propertyPath: m_LocalPosition.z
      value: 2.15
      objectReference: {fileID: 0}
    - target: {fileID: 408730, guid: 7737647c22c1fc64a88d5cd030c352ce, type: 3}
      propertyPath: m_LocalRotation.x
      value: -0
      objectReference: {fileID: 0}
    - target: {fileID: 408730, guid: 7737647c22c1fc64a88d5cd030c352ce, type: 3}
      propertyPath: m_LocalRotation.y
      value: -0
      objectReference: {fileID: 0}
    - target: {fileID: 408730, guid: 7737647c22c1fc64a88d5cd030c352ce, type: 3}
      propertyPath: m_LocalRotation.z
      value: -0
      objectReference: {fileID: 0}
    - target: {fileID: 408730, guid: 7737647c22c1fc64a88d5cd030c352ce, type: 3}
      propertyPath: m_LocalRotation.w
      value: 1
      objectReference: {fileID: 0}
    - target: {fileID: 408730, guid: 7737647c22c1fc64a88d5cd030c352ce, type: 3}
      propertyPath: m_RootOrder
      value: 0
      objectReference: {fileID: 0}
    - target: {fileID: 408730, guid: 7737647c22c1fc64a88d5cd030c352ce, type: 3}
      propertyPath: m_LocalEulerAnglesHint.x
      value: 0
      objectReference: {fileID: 0}
    - target: {fileID: 408730, guid: 7737647c22c1fc64a88d5cd030c352ce, type: 3}
      propertyPath: m_LocalEulerAnglesHint.y
      value: 0
      objectReference: {fileID: 0}
    - target: {fileID: 408730, guid: 7737647c22c1fc64a88d5cd030c352ce, type: 3}
      propertyPath: m_LocalEulerAnglesHint.z
      value: 0
      objectReference: {fileID: 0}
    - target: {fileID: 408730, guid: 7737647c22c1fc64a88d5cd030c352ce, type: 3}
      propertyPath: m_LocalScale.x
      value: 0.63424
      objectReference: {fileID: 0}
    - target: {fileID: 408730, guid: 7737647c22c1fc64a88d5cd030c352ce, type: 3}
      propertyPath: m_LocalScale.z
      value: 0.63424003
      objectReference: {fileID: 0}
    - target: {fileID: 408730, guid: 7737647c22c1fc64a88d5cd030c352ce, type: 3}
      propertyPath: m_LocalScale.y
      value: 0.63424
      objectReference: {fileID: 0}
    - target: {fileID: 13736924, guid: 7737647c22c1fc64a88d5cd030c352ce, type: 3}
      propertyPath: m_Bones.Array.data[0]
      value: 
      objectReference: {fileID: 5362484542350799175}
    - target: {fileID: 13736924, guid: 7737647c22c1fc64a88d5cd030c352ce, type: 3}
      propertyPath: m_Bones.Array.data[1]
      value: 
      objectReference: {fileID: 5362484542350771659}
    - target: {fileID: 13736924, guid: 7737647c22c1fc64a88d5cd030c352ce, type: 3}
      propertyPath: m_Bones.Array.data[2]
      value: 
      objectReference: {fileID: 5362484542350762129}
    - target: {fileID: 13736924, guid: 7737647c22c1fc64a88d5cd030c352ce, type: 3}
      propertyPath: m_Bones.Array.data[3]
      value: 
      objectReference: {fileID: 5362484542350804011}
    - target: {fileID: 13736924, guid: 7737647c22c1fc64a88d5cd030c352ce, type: 3}
      propertyPath: m_Bones.Array.data[4]
      value: 
      objectReference: {fileID: 5362484542350814733}
    - target: {fileID: 13736924, guid: 7737647c22c1fc64a88d5cd030c352ce, type: 3}
      propertyPath: m_Bones.Array.data[5]
      value: 
      objectReference: {fileID: 5362484542350778881}
    - target: {fileID: 13736924, guid: 7737647c22c1fc64a88d5cd030c352ce, type: 3}
      propertyPath: m_Bones.Array.data[6]
      value: 
      objectReference: {fileID: 5362484542350770887}
    - target: {fileID: 13736924, guid: 7737647c22c1fc64a88d5cd030c352ce, type: 3}
      propertyPath: m_Bones.Array.data[7]
      value: 
      objectReference: {fileID: 5362484542350760921}
    - target: {fileID: 13736924, guid: 7737647c22c1fc64a88d5cd030c352ce, type: 3}
      propertyPath: m_Bones.Array.data[8]
      value: 
      objectReference: {fileID: 5362484542350721107}
    - target: {fileID: 13736924, guid: 7737647c22c1fc64a88d5cd030c352ce, type: 3}
      propertyPath: m_Bones.Array.data[9]
      value: 
      objectReference: {fileID: 5362484542350736023}
    - target: {fileID: 13736924, guid: 7737647c22c1fc64a88d5cd030c352ce, type: 3}
      propertyPath: m_Bones.Array.data[10]
      value: 
      objectReference: {fileID: 5362484542350729857}
    - target: {fileID: 13736924, guid: 7737647c22c1fc64a88d5cd030c352ce, type: 3}
      propertyPath: m_Bones.Array.data[11]
      value: 
      objectReference: {fileID: 5362484542350756503}
    - target: {fileID: 13736924, guid: 7737647c22c1fc64a88d5cd030c352ce, type: 3}
      propertyPath: m_RootBone
      value: 
      objectReference: {fileID: 5362484542350799175}
    - target: {fileID: 13783410, guid: 7737647c22c1fc64a88d5cd030c352ce, type: 3}
      propertyPath: m_Bones.Array.data[0]
      value: 
      objectReference: {fileID: 5362484542350731583}
    - target: {fileID: 13783410, guid: 7737647c22c1fc64a88d5cd030c352ce, type: 3}
      propertyPath: m_Bones.Array.data[1]
      value: 
      objectReference: {fileID: 5362484542350772661}
    - target: {fileID: 13783410, guid: 7737647c22c1fc64a88d5cd030c352ce, type: 3}
      propertyPath: m_Bones.Array.data[2]
      value: 
      objectReference: {fileID: 5362484542350737977}
    - target: {fileID: 13783410, guid: 7737647c22c1fc64a88d5cd030c352ce, type: 3}
      propertyPath: m_Bones.Array.data[3]
      value: 
      objectReference: {fileID: 5362484542350747067}
    - target: {fileID: 13783410, guid: 7737647c22c1fc64a88d5cd030c352ce, type: 3}
      propertyPath: m_Bones.Array.data[4]
      value: 
      objectReference: {fileID: 5362484542350797535}
    - target: {fileID: 13783410, guid: 7737647c22c1fc64a88d5cd030c352ce, type: 3}
      propertyPath: m_Bones.Array.data[5]
      value: 
      objectReference: {fileID: 5362484542350747373}
    - target: {fileID: 13783410, guid: 7737647c22c1fc64a88d5cd030c352ce, type: 3}
      propertyPath: m_Bones.Array.data[6]
      value: 
      objectReference: {fileID: 5362484542350730939}
    - target: {fileID: 13783410, guid: 7737647c22c1fc64a88d5cd030c352ce, type: 3}
      propertyPath: m_Bones.Array.data[7]
      value: 
      objectReference: {fileID: 5362484542350731741}
    - target: {fileID: 13783410, guid: 7737647c22c1fc64a88d5cd030c352ce, type: 3}
      propertyPath: m_Bones.Array.data[8]
      value: 
      objectReference: {fileID: 5362484542350817949}
    - target: {fileID: 13783410, guid: 7737647c22c1fc64a88d5cd030c352ce, type: 3}
      propertyPath: m_Bones.Array.data[9]
      value: 
      objectReference: {fileID: 5362484542350729423}
    - target: {fileID: 13783410, guid: 7737647c22c1fc64a88d5cd030c352ce, type: 3}
      propertyPath: m_Bones.Array.data[10]
      value: 
      objectReference: {fileID: 5362484542350780721}
    - target: {fileID: 13783410, guid: 7737647c22c1fc64a88d5cd030c352ce, type: 3}
      propertyPath: m_Bones.Array.data[11]
      value: 
      objectReference: {fileID: 5362484542350802251}
    - target: {fileID: 13783410, guid: 7737647c22c1fc64a88d5cd030c352ce, type: 3}
      propertyPath: m_Bones.Array.data[12]
      value: 
      objectReference: {fileID: 5362484542350741987}
    - target: {fileID: 13783410, guid: 7737647c22c1fc64a88d5cd030c352ce, type: 3}
      propertyPath: m_Bones.Array.data[13]
      value: 
      objectReference: {fileID: 5362484542350795381}
    - target: {fileID: 13783410, guid: 7737647c22c1fc64a88d5cd030c352ce, type: 3}
      propertyPath: m_Bones.Array.data[14]
      value: 
      objectReference: {fileID: 5362484542350750947}
    - target: {fileID: 13783410, guid: 7737647c22c1fc64a88d5cd030c352ce, type: 3}
      propertyPath: m_Bones.Array.data[15]
      value: 
      objectReference: {fileID: 5362484542350773913}
    - target: {fileID: 13783410, guid: 7737647c22c1fc64a88d5cd030c352ce, type: 3}
      propertyPath: m_Bones.Array.data[16]
      value: 
      objectReference: {fileID: 5362484542350755737}
    - target: {fileID: 13783410, guid: 7737647c22c1fc64a88d5cd030c352ce, type: 3}
      propertyPath: m_Bones.Array.data[17]
      value: 
      objectReference: {fileID: 5362484542350797665}
    - target: {fileID: 13783410, guid: 7737647c22c1fc64a88d5cd030c352ce, type: 3}
      propertyPath: m_Bones.Array.data[18]
      value: 
      objectReference: {fileID: 5362484542350790701}
    - target: {fileID: 13783410, guid: 7737647c22c1fc64a88d5cd030c352ce, type: 3}
      propertyPath: m_Bones.Array.data[19]
      value: 
      objectReference: {fileID: 5362484542350756657}
    - target: {fileID: 13783410, guid: 7737647c22c1fc64a88d5cd030c352ce, type: 3}
      propertyPath: m_Bones.Array.data[20]
      value: 
      objectReference: {fileID: 5362484542350737009}
    - target: {fileID: 13783410, guid: 7737647c22c1fc64a88d5cd030c352ce, type: 3}
      propertyPath: m_Bones.Array.data[21]
      value: 
      objectReference: {fileID: 5362484542350757917}
    - target: {fileID: 13783410, guid: 7737647c22c1fc64a88d5cd030c352ce, type: 3}
      propertyPath: m_Bones.Array.data[22]
      value: 
      objectReference: {fileID: 5362484542350796409}
    - target: {fileID: 13783410, guid: 7737647c22c1fc64a88d5cd030c352ce, type: 3}
      propertyPath: m_Bones.Array.data[23]
      value: 
      objectReference: {fileID: 5362484542350744147}
    - target: {fileID: 13783410, guid: 7737647c22c1fc64a88d5cd030c352ce, type: 3}
      propertyPath: m_Bones.Array.data[24]
      value: 
      objectReference: {fileID: 5362484542350757335}
    - target: {fileID: 13783410, guid: 7737647c22c1fc64a88d5cd030c352ce, type: 3}
      propertyPath: m_Bones.Array.data[25]
      value: 
      objectReference: {fileID: 5362484542350749253}
    - target: {fileID: 13783410, guid: 7737647c22c1fc64a88d5cd030c352ce, type: 3}
      propertyPath: m_Bones.Array.data[26]
      value: 
      objectReference: {fileID: 5362484542350707251}
    - target: {fileID: 13783410, guid: 7737647c22c1fc64a88d5cd030c352ce, type: 3}
      propertyPath: m_Bones.Array.data[27]
      value: 
      objectReference: {fileID: 5362484542350779715}
    - target: {fileID: 13783410, guid: 7737647c22c1fc64a88d5cd030c352ce, type: 3}
      propertyPath: m_Bones.Array.data[28]
      value: 
      objectReference: {fileID: 5362484542350795585}
    - target: {fileID: 13783410, guid: 7737647c22c1fc64a88d5cd030c352ce, type: 3}
      propertyPath: m_Bones.Array.data[29]
      value: 
      objectReference: {fileID: 5362484542350802093}
    - target: {fileID: 13783410, guid: 7737647c22c1fc64a88d5cd030c352ce, type: 3}
      propertyPath: m_Bones.Array.data[30]
      value: 
      objectReference: {fileID: 5362484542350742417}
    - target: {fileID: 13783410, guid: 7737647c22c1fc64a88d5cd030c352ce, type: 3}
      propertyPath: m_Bones.Array.data[31]
      value: 
      objectReference: {fileID: 5362484542350726417}
    - target: {fileID: 13783410, guid: 7737647c22c1fc64a88d5cd030c352ce, type: 3}
      propertyPath: m_Bones.Array.data[32]
      value: 
      objectReference: {fileID: 5362484542350799453}
    - target: {fileID: 13783410, guid: 7737647c22c1fc64a88d5cd030c352ce, type: 3}
      propertyPath: m_Bones.Array.data[33]
      value: 
      objectReference: {fileID: 5362484542350766079}
    - target: {fileID: 13783410, guid: 7737647c22c1fc64a88d5cd030c352ce, type: 3}
      propertyPath: m_Bones.Array.data[34]
      value: 
      objectReference: {fileID: 5362484542350754529}
    - target: {fileID: 13783410, guid: 7737647c22c1fc64a88d5cd030c352ce, type: 3}
      propertyPath: m_Bones.Array.data[35]
      value: 
      objectReference: {fileID: 5362484542350803567}
    - target: {fileID: 13783410, guid: 7737647c22c1fc64a88d5cd030c352ce, type: 3}
      propertyPath: m_Bones.Array.data[36]
      value: 
      objectReference: {fileID: 5362484542350730727}
    - target: {fileID: 13783410, guid: 7737647c22c1fc64a88d5cd030c352ce, type: 3}
      propertyPath: m_Bones.Array.data[37]
      value: 
      objectReference: {fileID: 5362484542350728649}
    - target: {fileID: 13783410, guid: 7737647c22c1fc64a88d5cd030c352ce, type: 3}
      propertyPath: m_Bones.Array.data[38]
      value: 
      objectReference: {fileID: 5362484542350747879}
    - target: {fileID: 13783410, guid: 7737647c22c1fc64a88d5cd030c352ce, type: 3}
      propertyPath: m_Bones.Array.data[39]
      value: 
      objectReference: {fileID: 5362484542350817109}
    - target: {fileID: 13783410, guid: 7737647c22c1fc64a88d5cd030c352ce, type: 3}
      propertyPath: m_Bones.Array.data[40]
      value: 
      objectReference: {fileID: 5362484542350727185}
    - target: {fileID: 13783410, guid: 7737647c22c1fc64a88d5cd030c352ce, type: 3}
      propertyPath: m_Bones.Array.data[41]
      value: 
      objectReference: {fileID: 5362484542350707159}
    - target: {fileID: 13783410, guid: 7737647c22c1fc64a88d5cd030c352ce, type: 3}
      propertyPath: m_Bones.Array.data[42]
      value: 
      objectReference: {fileID: 5362484542350812873}
    - target: {fileID: 13783410, guid: 7737647c22c1fc64a88d5cd030c352ce, type: 3}
      propertyPath: m_Bones.Array.data[43]
      value: 
      objectReference: {fileID: 5362484542350761107}
    - target: {fileID: 13783410, guid: 7737647c22c1fc64a88d5cd030c352ce, type: 3}
      propertyPath: m_Bones.Array.data[44]
      value: 
      objectReference: {fileID: 5362484542350742179}
    - target: {fileID: 13783410, guid: 7737647c22c1fc64a88d5cd030c352ce, type: 3}
      propertyPath: m_Bones.Array.data[45]
      value: 
      objectReference: {fileID: 5362484542350733165}
    - target: {fileID: 13783410, guid: 7737647c22c1fc64a88d5cd030c352ce, type: 3}
      propertyPath: m_Bones.Array.data[46]
      value: 
      objectReference: {fileID: 5362484542350712611}
    - target: {fileID: 13783410, guid: 7737647c22c1fc64a88d5cd030c352ce, type: 3}
      propertyPath: m_Bones.Array.data[47]
      value: 
      objectReference: {fileID: 5362484542350799175}
    - target: {fileID: 13783410, guid: 7737647c22c1fc64a88d5cd030c352ce, type: 3}
      propertyPath: m_Bones.Array.data[48]
      value: 
      objectReference: {fileID: 5362484542350771659}
    - target: {fileID: 13783410, guid: 7737647c22c1fc64a88d5cd030c352ce, type: 3}
      propertyPath: m_Bones.Array.data[49]
      value: 
      objectReference: {fileID: 5362484542350762129}
    - target: {fileID: 13783410, guid: 7737647c22c1fc64a88d5cd030c352ce, type: 3}
      propertyPath: m_Bones.Array.data[50]
      value: 
      objectReference: {fileID: 5362484542350804011}
    - target: {fileID: 13783410, guid: 7737647c22c1fc64a88d5cd030c352ce, type: 3}
      propertyPath: m_Bones.Array.data[51]
      value: 
      objectReference: {fileID: 5362484542350814733}
    - target: {fileID: 13783410, guid: 7737647c22c1fc64a88d5cd030c352ce, type: 3}
      propertyPath: m_Bones.Array.data[52]
      value: 
      objectReference: {fileID: 5362484542350795567}
    - target: {fileID: 13783410, guid: 7737647c22c1fc64a88d5cd030c352ce, type: 3}
      propertyPath: m_Bones.Array.data[53]
      value: 
      objectReference: {fileID: 5362484542350741909}
    - target: {fileID: 13783410, guid: 7737647c22c1fc64a88d5cd030c352ce, type: 3}
      propertyPath: m_Bones.Array.data[54]
      value: 
      objectReference: {fileID: 5362484542350778881}
    - target: {fileID: 13783410, guid: 7737647c22c1fc64a88d5cd030c352ce, type: 3}
      propertyPath: m_Bones.Array.data[55]
      value: 
      objectReference: {fileID: 5362484542350784371}
    - target: {fileID: 13783410, guid: 7737647c22c1fc64a88d5cd030c352ce, type: 3}
      propertyPath: m_Bones.Array.data[56]
      value: 
      objectReference: {fileID: 5362484542350770887}
    - target: {fileID: 13783410, guid: 7737647c22c1fc64a88d5cd030c352ce, type: 3}
      propertyPath: m_Bones.Array.data[57]
      value: 
      objectReference: {fileID: 5362484542350721107}
    - target: {fileID: 13783410, guid: 7737647c22c1fc64a88d5cd030c352ce, type: 3}
      propertyPath: m_Bones.Array.data[58]
      value: 
      objectReference: {fileID: 5362484542350729857}
    - target: {fileID: 13783410, guid: 7737647c22c1fc64a88d5cd030c352ce, type: 3}
      propertyPath: m_Bones.Array.data[59]
      value: 
      objectReference: {fileID: 5362484542350756503}
    - target: {fileID: 13783410, guid: 7737647c22c1fc64a88d5cd030c352ce, type: 3}
      propertyPath: m_Bones.Array.data[60]
      value: 
      objectReference: {fileID: 5362484542350754971}
    - target: {fileID: 13783410, guid: 7737647c22c1fc64a88d5cd030c352ce, type: 3}
      propertyPath: m_Bones.Array.data[61]
      value: 
      objectReference: {fileID: 5362484542350706377}
    - target: {fileID: 13783410, guid: 7737647c22c1fc64a88d5cd030c352ce, type: 3}
      propertyPath: m_Bones.Array.data[62]
      value: 
      objectReference: {fileID: 5362484542350729351}
    - target: {fileID: 13783410, guid: 7737647c22c1fc64a88d5cd030c352ce, type: 3}
      propertyPath: m_Bones.Array.data[63]
      value: 
      objectReference: {fileID: 5362484542350705079}
    - target: {fileID: 13783410, guid: 7737647c22c1fc64a88d5cd030c352ce, type: 3}
      propertyPath: m_Bones.Array.data[64]
      value: 
      objectReference: {fileID: 5362484542350751601}
    - target: {fileID: 13783410, guid: 7737647c22c1fc64a88d5cd030c352ce, type: 3}
      propertyPath: m_Bones.Array.data[65]
      value: 
      objectReference: {fileID: 5362484542350725715}
    - target: {fileID: 13783410, guid: 7737647c22c1fc64a88d5cd030c352ce, type: 3}
      propertyPath: m_Bones.Array.data[66]
      value: 
      objectReference: {fileID: 5362484542350737517}
    - target: {fileID: 13783410, guid: 7737647c22c1fc64a88d5cd030c352ce, type: 3}
      propertyPath: m_Bones.Array.data[67]
      value: 
      objectReference: {fileID: 5362484542350728017}
    - target: {fileID: 13783410, guid: 7737647c22c1fc64a88d5cd030c352ce, type: 3}
      propertyPath: m_Bones.Array.data[68]
      value: 
      objectReference: {fileID: 5362484542350746775}
    - target: {fileID: 13783410, guid: 7737647c22c1fc64a88d5cd030c352ce, type: 3}
      propertyPath: m_Bones.Array.data[69]
      value: 
      objectReference: {fileID: 5362484542350762537}
    - target: {fileID: 13783410, guid: 7737647c22c1fc64a88d5cd030c352ce, type: 3}
      propertyPath: m_RootBone
      value: 
      objectReference: {fileID: 5362484542350731583}
    m_RemovedComponents: []
  m_SourcePrefab: {fileID: 100100000, guid: 7737647c22c1fc64a88d5cd030c352ce, type: 3}
--- !u!4 &5362484542350772661 stripped
Transform:
  m_CorrespondingSourceObject: {fileID: 430336, guid: 7737647c22c1fc64a88d5cd030c352ce,
    type: 3}
  m_PrefabInstance: {fileID: 5362484542350416053}
  m_PrefabAsset: {fileID: 0}
--- !u!4 &5362484542350754971 stripped
Transform:
  m_CorrespondingSourceObject: {fileID: 449582, guid: 7737647c22c1fc64a88d5cd030c352ce,
    type: 3}
  m_PrefabInstance: {fileID: 5362484542350416053}
  m_PrefabAsset: {fileID: 0}
--- !u!4 &5362484542350706377 stripped
Transform:
  m_CorrespondingSourceObject: {fileID: 499324, guid: 7737647c22c1fc64a88d5cd030c352ce,
    type: 3}
  m_PrefabInstance: {fileID: 5362484542350416053}
  m_PrefabAsset: {fileID: 0}
--- !u!4 &5362484542350729351 stripped
Transform:
  m_CorrespondingSourceObject: {fileID: 489522, guid: 7737647c22c1fc64a88d5cd030c352ce,
    type: 3}
  m_PrefabInstance: {fileID: 5362484542350416053}
  m_PrefabAsset: {fileID: 0}
--- !u!4 &5362484542350705079 stripped
Transform:
  m_CorrespondingSourceObject: {fileID: 497922, guid: 7737647c22c1fc64a88d5cd030c352ce,
    type: 3}
  m_PrefabInstance: {fileID: 5362484542350416053}
  m_PrefabAsset: {fileID: 0}
--- !u!4 &5362484542350751601 stripped
Transform:
  m_CorrespondingSourceObject: {fileID: 470980, guid: 7737647c22c1fc64a88d5cd030c352ce,
    type: 3}
  m_PrefabInstance: {fileID: 5362484542350416053}
  m_PrefabAsset: {fileID: 0}
--- !u!4 &5362484542350725715 stripped
Transform:
  m_CorrespondingSourceObject: {fileID: 477926, guid: 7737647c22c1fc64a88d5cd030c352ce,
    type: 3}
  m_PrefabInstance: {fileID: 5362484542350416053}
  m_PrefabAsset: {fileID: 0}
--- !u!4 &5362484542350737517 stripped
Transform:
  m_CorrespondingSourceObject: {fileID: 465112, guid: 7737647c22c1fc64a88d5cd030c352ce,
    type: 3}
  m_PrefabInstance: {fileID: 5362484542350416053}
  m_PrefabAsset: {fileID: 0}
--- !u!4 &5362484542350728017 stripped
Transform:
  m_CorrespondingSourceObject: {fileID: 476132, guid: 7737647c22c1fc64a88d5cd030c352ce,
    type: 3}
  m_PrefabInstance: {fileID: 5362484542350416053}
  m_PrefabAsset: {fileID: 0}
--- !u!4 &5362484542350746775 stripped
Transform:
  m_CorrespondingSourceObject: {fileID: 474146, guid: 7737647c22c1fc64a88d5cd030c352ce,
    type: 3}
  m_PrefabInstance: {fileID: 5362484542350416053}
  m_PrefabAsset: {fileID: 0}
--- !u!4 &5362484542350762537 stripped
Transform:
  m_CorrespondingSourceObject: {fileID: 457372, guid: 7737647c22c1fc64a88d5cd030c352ce,
    type: 3}
  m_PrefabInstance: {fileID: 5362484542350416053}
  m_PrefabAsset: {fileID: 0}
--- !u!4 &5362484542350737977 stripped
Transform:
  m_CorrespondingSourceObject: {fileID: 465548, guid: 7737647c22c1fc64a88d5cd030c352ce,
    type: 3}
  m_PrefabInstance: {fileID: 5362484542350416053}
  m_PrefabAsset: {fileID: 0}
--- !u!4 &5362484542350747067 stripped
Transform:
  m_CorrespondingSourceObject: {fileID: 474382, guid: 7737647c22c1fc64a88d5cd030c352ce,
    type: 3}
  m_PrefabInstance: {fileID: 5362484542350416053}
  m_PrefabAsset: {fileID: 0}
--- !u!4 &5362484542350797535 stripped
Transform:
  m_CorrespondingSourceObject: {fileID: 422506, guid: 7737647c22c1fc64a88d5cd030c352ce,
    type: 3}
  m_PrefabInstance: {fileID: 5362484542350416053}
  m_PrefabAsset: {fileID: 0}
--- !u!4 &5362484542350799175 stripped
Transform:
  m_CorrespondingSourceObject: {fileID: 420338, guid: 7737647c22c1fc64a88d5cd030c352ce,
    type: 3}
  m_PrefabInstance: {fileID: 5362484542350416053}
  m_PrefabAsset: {fileID: 0}
--- !u!4 &5362484542350771659 stripped
Transform:
  m_CorrespondingSourceObject: {fileID: 433534, guid: 7737647c22c1fc64a88d5cd030c352ce,
    type: 3}
  m_PrefabInstance: {fileID: 5362484542350416053}
  m_PrefabAsset: {fileID: 0}
--- !u!4 &5362484542350741909 stripped
Transform:
  m_CorrespondingSourceObject: {fileID: 461088, guid: 7737647c22c1fc64a88d5cd030c352ce,
    type: 3}
  m_PrefabInstance: {fileID: 5362484542350416053}
  m_PrefabAsset: {fileID: 0}
--- !u!4 &5362484542350814733 stripped
Transform:
  m_CorrespondingSourceObject: {fileID: 407224, guid: 7737647c22c1fc64a88d5cd030c352ce,
    type: 3}
  m_PrefabInstance: {fileID: 5362484542350416053}
  m_PrefabAsset: {fileID: 0}
--- !u!4 &5362484542350795567 stripped
Transform:
  m_CorrespondingSourceObject: {fileID: 424858, guid: 7737647c22c1fc64a88d5cd030c352ce,
    type: 3}
  m_PrefabInstance: {fileID: 5362484542350416053}
  m_PrefabAsset: {fileID: 0}
--- !u!4 &5362484542350804011 stripped
Transform:
  m_CorrespondingSourceObject: {fileID: 400542, guid: 7737647c22c1fc64a88d5cd030c352ce,
    type: 3}
  m_PrefabInstance: {fileID: 5362484542350416053}
  m_PrefabAsset: {fileID: 0}
--- !u!4 &5362484542350762129 stripped
Transform:
  m_CorrespondingSourceObject: {fileID: 456740, guid: 7737647c22c1fc64a88d5cd030c352ce,
    type: 3}
  m_PrefabInstance: {fileID: 5362484542350416053}
  m_PrefabAsset: {fileID: 0}
--- !u!4 &5362484542350778881 stripped
Transform:
  m_CorrespondingSourceObject: {fileID: 441012, guid: 7737647c22c1fc64a88d5cd030c352ce,
    type: 3}
  m_PrefabInstance: {fileID: 5362484542350416053}
  m_PrefabAsset: {fileID: 0}
--- !u!4 &5362484542350784371 stripped
Transform:
  m_CorrespondingSourceObject: {fileID: 438214, guid: 7737647c22c1fc64a88d5cd030c352ce,
    type: 3}
  m_PrefabInstance: {fileID: 5362484542350416053}
  m_PrefabAsset: {fileID: 0}
--- !u!4 &5362484542350721107 stripped
Transform:
  m_CorrespondingSourceObject: {fileID: 481510, guid: 7737647c22c1fc64a88d5cd030c352ce,
    type: 3}
  m_PrefabInstance: {fileID: 5362484542350416053}
  m_PrefabAsset: {fileID: 0}
--- !u!4 &5362484542350760921 stripped
Transform:
  m_CorrespondingSourceObject: {fileID: 443244, guid: 7737647c22c1fc64a88d5cd030c352ce,
    type: 3}
  m_PrefabInstance: {fileID: 5362484542350416053}
  m_PrefabAsset: {fileID: 0}
--- !u!4 &5362484542350729857 stripped
Transform:
  m_CorrespondingSourceObject: {fileID: 490036, guid: 7737647c22c1fc64a88d5cd030c352ce,
    type: 3}
  m_PrefabInstance: {fileID: 5362484542350416053}
  m_PrefabAsset: {fileID: 0}
--- !u!4 &5362484542350770887 stripped
Transform:
  m_CorrespondingSourceObject: {fileID: 432754, guid: 7737647c22c1fc64a88d5cd030c352ce,
    type: 3}
  m_PrefabInstance: {fileID: 5362484542350416053}
  m_PrefabAsset: {fileID: 0}
--- !u!4 &5362484542350736023 stripped
Transform:
  m_CorrespondingSourceObject: {fileID: 483874, guid: 7737647c22c1fc64a88d5cd030c352ce,
    type: 3}
  m_PrefabInstance: {fileID: 5362484542350416053}
  m_PrefabAsset: {fileID: 0}
--- !u!4 &5362484542350756503 stripped
Transform:
  m_CorrespondingSourceObject: {fileID: 447010, guid: 7737647c22c1fc64a88d5cd030c352ce,
    type: 3}
  m_PrefabInstance: {fileID: 5362484542350416053}
  m_PrefabAsset: {fileID: 0}
--- !u!4 &5362484542350747373 stripped
Transform:
  m_CorrespondingSourceObject: {fileID: 474712, guid: 7737647c22c1fc64a88d5cd030c352ce,
    type: 3}
  m_PrefabInstance: {fileID: 5362484542350416053}
  m_PrefabAsset: {fileID: 0}
--- !u!4 &5362484542350730939 stripped
Transform:
  m_CorrespondingSourceObject: {fileID: 491022, guid: 7737647c22c1fc64a88d5cd030c352ce,
    type: 3}
  m_PrefabInstance: {fileID: 5362484542350416053}
  m_PrefabAsset: {fileID: 0}
--- !u!4 &5362484542350731741 stripped
Transform:
  m_CorrespondingSourceObject: {fileID: 487784, guid: 7737647c22c1fc64a88d5cd030c352ce,
    type: 3}
  m_PrefabInstance: {fileID: 5362484542350416053}
  m_PrefabAsset: {fileID: 0}
--- !u!4 &5362484542350817949 stripped
Transform:
  m_CorrespondingSourceObject: {fileID: 401960, guid: 7737647c22c1fc64a88d5cd030c352ce,
    type: 3}
  m_PrefabInstance: {fileID: 5362484542350416053}
  m_PrefabAsset: {fileID: 0}
--- !u!4 &5362484542350795381 stripped
Transform:
  m_CorrespondingSourceObject: {fileID: 424640, guid: 7737647c22c1fc64a88d5cd030c352ce,
    type: 3}
  m_PrefabInstance: {fileID: 5362484542350416053}
  m_PrefabAsset: {fileID: 0}
--- !u!4 &5362484542350750947 stripped
Transform:
  m_CorrespondingSourceObject: {fileID: 470102, guid: 7737647c22c1fc64a88d5cd030c352ce,
    type: 3}
  m_PrefabInstance: {fileID: 5362484542350416053}
  m_PrefabAsset: {fileID: 0}
--- !u!4 &5362484542350773913 stripped
Transform:
  m_CorrespondingSourceObject: {fileID: 431660, guid: 7737647c22c1fc64a88d5cd030c352ce,
    type: 3}
  m_PrefabInstance: {fileID: 5362484542350416053}
  m_PrefabAsset: {fileID: 0}
--- !u!4 &5362484542350755737 stripped
Transform:
  m_CorrespondingSourceObject: {fileID: 450348, guid: 7737647c22c1fc64a88d5cd030c352ce,
    type: 3}
  m_PrefabInstance: {fileID: 5362484542350416053}
  m_PrefabAsset: {fileID: 0}
--- !u!4 &5362484542350797665 stripped
Transform:
  m_CorrespondingSourceObject: {fileID: 422868, guid: 7737647c22c1fc64a88d5cd030c352ce,
    type: 3}
  m_PrefabInstance: {fileID: 5362484542350416053}
  m_PrefabAsset: {fileID: 0}
--- !u!4 &5362484542350790701 stripped
Transform:
  m_CorrespondingSourceObject: {fileID: 411800, guid: 7737647c22c1fc64a88d5cd030c352ce,
    type: 3}
  m_PrefabInstance: {fileID: 5362484542350416053}
  m_PrefabAsset: {fileID: 0}
--- !u!4 &5362484542350796409 stripped
Transform:
  m_CorrespondingSourceObject: {fileID: 425676, guid: 7737647c22c1fc64a88d5cd030c352ce,
    type: 3}
  m_PrefabInstance: {fileID: 5362484542350416053}
  m_PrefabAsset: {fileID: 0}
--- !u!4 &5362484542350744147 stripped
Transform:
  m_CorrespondingSourceObject: {fileID: 459494, guid: 7737647c22c1fc64a88d5cd030c352ce,
    type: 3}
  m_PrefabInstance: {fileID: 5362484542350416053}
  m_PrefabAsset: {fileID: 0}
--- !u!4 &5362484542350757335 stripped
Transform:
  m_CorrespondingSourceObject: {fileID: 447842, guid: 7737647c22c1fc64a88d5cd030c352ce,
    type: 3}
  m_PrefabInstance: {fileID: 5362484542350416053}
  m_PrefabAsset: {fileID: 0}
--- !u!4 &5362484542350749253 stripped
Transform:
  m_CorrespondingSourceObject: {fileID: 472816, guid: 7737647c22c1fc64a88d5cd030c352ce,
    type: 3}
  m_PrefabInstance: {fileID: 5362484542350416053}
  m_PrefabAsset: {fileID: 0}
--- !u!4 &5362484542350756657 stripped
Transform:
  m_CorrespondingSourceObject: {fileID: 447364, guid: 7737647c22c1fc64a88d5cd030c352ce,
    type: 3}
  m_PrefabInstance: {fileID: 5362484542350416053}
  m_PrefabAsset: {fileID: 0}
--- !u!4 &5362484542350737009 stripped
Transform:
  m_CorrespondingSourceObject: {fileID: 485060, guid: 7737647c22c1fc64a88d5cd030c352ce,
    type: 3}
  m_PrefabInstance: {fileID: 5362484542350416053}
  m_PrefabAsset: {fileID: 0}
--- !u!4 &5362484542350757917 stripped
Transform:
  m_CorrespondingSourceObject: {fileID: 444584, guid: 7737647c22c1fc64a88d5cd030c352ce,
    type: 3}
  m_PrefabInstance: {fileID: 5362484542350416053}
  m_PrefabAsset: {fileID: 0}
--- !u!4 &5362484542350729423 stripped
Transform:
  m_CorrespondingSourceObject: {fileID: 489594, guid: 7737647c22c1fc64a88d5cd030c352ce,
    type: 3}
  m_PrefabInstance: {fileID: 5362484542350416053}
  m_PrefabAsset: {fileID: 0}
--- !u!4 &5362484542350780721 stripped
Transform:
  m_CorrespondingSourceObject: {fileID: 438660, guid: 7737647c22c1fc64a88d5cd030c352ce,
    type: 3}
  m_PrefabInstance: {fileID: 5362484542350416053}
  m_PrefabAsset: {fileID: 0}
--- !u!4 &5362484542350802251 stripped
Transform:
  m_CorrespondingSourceObject: {fileID: 419326, guid: 7737647c22c1fc64a88d5cd030c352ce,
    type: 3}
  m_PrefabInstance: {fileID: 5362484542350416053}
  m_PrefabAsset: {fileID: 0}
--- !u!4 &5362484542350741987 stripped
Transform:
  m_CorrespondingSourceObject: {fileID: 461142, guid: 7737647c22c1fc64a88d5cd030c352ce,
    type: 3}
  m_PrefabInstance: {fileID: 5362484542350416053}
  m_PrefabAsset: {fileID: 0}
--- !u!4 &5362484542350707251 stripped
Transform:
  m_CorrespondingSourceObject: {fileID: 496262, guid: 7737647c22c1fc64a88d5cd030c352ce,
    type: 3}
  m_PrefabInstance: {fileID: 5362484542350416053}
  m_PrefabAsset: {fileID: 0}
--- !u!4 &5362484542350779715 stripped
Transform:
  m_CorrespondingSourceObject: {fileID: 441846, guid: 7737647c22c1fc64a88d5cd030c352ce,
    type: 3}
  m_PrefabInstance: {fileID: 5362484542350416053}
  m_PrefabAsset: {fileID: 0}
--- !u!4 &5362484542350795585 stripped
Transform:
  m_CorrespondingSourceObject: {fileID: 424948, guid: 7737647c22c1fc64a88d5cd030c352ce,
    type: 3}
  m_PrefabInstance: {fileID: 5362484542350416053}
  m_PrefabAsset: {fileID: 0}
--- !u!4 &5362484542350731583 stripped
Transform:
  m_CorrespondingSourceObject: {fileID: 487818, guid: 7737647c22c1fc64a88d5cd030c352ce,
    type: 3}
  m_PrefabInstance: {fileID: 5362484542350416053}
  m_PrefabAsset: {fileID: 0}
--- !u!4 &5362484542350754529 stripped
Transform:
  m_CorrespondingSourceObject: {fileID: 449108, guid: 7737647c22c1fc64a88d5cd030c352ce,
    type: 3}
  m_PrefabInstance: {fileID: 5362484542350416053}
  m_PrefabAsset: {fileID: 0}
--- !u!4 &5362484542350803567 stripped
Transform:
  m_CorrespondingSourceObject: {fileID: 400090, guid: 7737647c22c1fc64a88d5cd030c352ce,
    type: 3}
  m_PrefabInstance: {fileID: 5362484542350416053}
  m_PrefabAsset: {fileID: 0}
--- !u!4 &5362484542350730727 stripped
Transform:
  m_CorrespondingSourceObject: {fileID: 490834, guid: 7737647c22c1fc64a88d5cd030c352ce,
    type: 3}
  m_PrefabInstance: {fileID: 5362484542350416053}
  m_PrefabAsset: {fileID: 0}
--- !u!4 &5362484542350728649 stripped
Transform:
  m_CorrespondingSourceObject: {fileID: 476540, guid: 7737647c22c1fc64a88d5cd030c352ce,
    type: 3}
  m_PrefabInstance: {fileID: 5362484542350416053}
  m_PrefabAsset: {fileID: 0}
--- !u!4 &5362484542350747879 stripped
Transform:
  m_CorrespondingSourceObject: {fileID: 471122, guid: 7737647c22c1fc64a88d5cd030c352ce,
    type: 3}
  m_PrefabInstance: {fileID: 5362484542350416053}
  m_PrefabAsset: {fileID: 0}
--- !u!4 &5362484542350817109 stripped
Transform:
  m_CorrespondingSourceObject: {fileID: 405472, guid: 7737647c22c1fc64a88d5cd030c352ce,
    type: 3}
  m_PrefabInstance: {fileID: 5362484542350416053}
  m_PrefabAsset: {fileID: 0}
--- !u!4 &5362484542350761107 stripped
Transform:
  m_CorrespondingSourceObject: {fileID: 443430, guid: 7737647c22c1fc64a88d5cd030c352ce,
    type: 3}
  m_PrefabInstance: {fileID: 5362484542350416053}
  m_PrefabAsset: {fileID: 0}
--- !u!4 &5362484542350742179 stripped
Transform:
  m_CorrespondingSourceObject: {fileID: 461334, guid: 7737647c22c1fc64a88d5cd030c352ce,
    type: 3}
  m_PrefabInstance: {fileID: 5362484542350416053}
  m_PrefabAsset: {fileID: 0}
--- !u!4 &5362484542350802093 stripped
Transform:
  m_CorrespondingSourceObject: {fileID: 418840, guid: 7737647c22c1fc64a88d5cd030c352ce,
    type: 3}
  m_PrefabInstance: {fileID: 5362484542350416053}
  m_PrefabAsset: {fileID: 0}
--- !u!4 &5362484542350712611 stripped
Transform:
  m_CorrespondingSourceObject: {fileID: 493462, guid: 7737647c22c1fc64a88d5cd030c352ce,
    type: 3}
  m_PrefabInstance: {fileID: 5362484542350416053}
  m_PrefabAsset: {fileID: 0}
--- !u!4 &5362484542350727185 stripped
Transform:
  m_CorrespondingSourceObject: {fileID: 475300, guid: 7737647c22c1fc64a88d5cd030c352ce,
    type: 3}
  m_PrefabInstance: {fileID: 5362484542350416053}
  m_PrefabAsset: {fileID: 0}
--- !u!4 &5362484542350707159 stripped
Transform:
  m_CorrespondingSourceObject: {fileID: 495970, guid: 7737647c22c1fc64a88d5cd030c352ce,
    type: 3}
  m_PrefabInstance: {fileID: 5362484542350416053}
  m_PrefabAsset: {fileID: 0}
--- !u!4 &5362484542350812873 stripped
Transform:
  m_CorrespondingSourceObject: {fileID: 409212, guid: 7737647c22c1fc64a88d5cd030c352ce,
    type: 3}
  m_PrefabInstance: {fileID: 5362484542350416053}
  m_PrefabAsset: {fileID: 0}
--- !u!4 &5362484542350742417 stripped
Transform:
  m_CorrespondingSourceObject: {fileID: 461604, guid: 7737647c22c1fc64a88d5cd030c352ce,
    type: 3}
  m_PrefabInstance: {fileID: 5362484542350416053}
  m_PrefabAsset: {fileID: 0}
--- !u!4 &5362484542350726417 stripped
Transform:
  m_CorrespondingSourceObject: {fileID: 478628, guid: 7737647c22c1fc64a88d5cd030c352ce,
    type: 3}
  m_PrefabInstance: {fileID: 5362484542350416053}
  m_PrefabAsset: {fileID: 0}
--- !u!4 &5362484542350799453 stripped
Transform:
  m_CorrespondingSourceObject: {fileID: 420584, guid: 7737647c22c1fc64a88d5cd030c352ce,
    type: 3}
  m_PrefabInstance: {fileID: 5362484542350416053}
  m_PrefabAsset: {fileID: 0}
--- !u!4 &5362484542350766079 stripped
Transform:
  m_CorrespondingSourceObject: {fileID: 456522, guid: 7737647c22c1fc64a88d5cd030c352ce,
    type: 3}
  m_PrefabInstance: {fileID: 5362484542350416053}
  m_PrefabAsset: {fileID: 0}
--- !u!4 &5362484542350733165 stripped
Transform:
  m_CorrespondingSourceObject: {fileID: 489432, guid: 7737647c22c1fc64a88d5cd030c352ce,
    type: 3}
  m_PrefabInstance: {fileID: 5362484542350416053}
  m_PrefabAsset: {fileID: 0}
